 Dungeon Crawl Stone Soup version 0.26.1-11-gd32895ea62 (webtiles) character file.

Game seed: 4128602670178255888

907 OdinFK the Conjurer (level 8, -6/50 HPs)
             Began as an Octopode Hedge Wizard on Apr 21, 2021.
             Was a Believer of Sif Muna.
             Shot with an arrow by a centaur (11 damage)
             ... on level 6 of the Dungeon.
             The game lasted 00:30:00 (4708 turns).

OdinFK the Conjurer (Octopode Hedge Wizard)         Turns: 4708, Time: 00:30:01

Health: -6/50      AC:  1    Str:  9    XL:     8   Next: 8%
Magic:  8/12       EV: 14    Int: 18    God:    Sif Muna [**....]
Gold:   87         SH:  5    Dex: 18    Spells: 5/13 levels left

rFire    . . .     SeeInvis .   a - +1 dagger (venom)
rCold    . . .     Faith    .   t - +0 buckler
rNeg     . . .     Spirit   .   b - +0 hat
rPois    .         Reflect  .   (no amulet)
rElec    .         Harm     .   o - ring of stealth
rCorr    .         Rampage  .   p - +6 ring of dexterity
Will     .....                  (no ring)
Stlth    +++++.....             (no ring)
HPRegen  0.16/turn              (no ring)
MPRegen  0.13/turn              (no ring)
                                (no ring)
                                (no ring)

@: lethally poisoned (-6 -> -9), very slightly contaminated
A: almost no armour, stealthy swim, amphibious, 8 rings, constrict 8, camouflage
1, gelatinous body 1
a: Renounce Religion, Channel Magic


You were on level 6 of the Dungeon.
You worshipped Sif Muna.
Sif Muna was pleased with you.
You visited 2 branches of the dungeon, and saw 7 of its levels.
You also visited: Sewer.

You collected 217 gold pieces.
You spent 130 gold pieces at shops.

Inventory:

Hand Weapons
 a - a +1 dagger of venom (weapon)
Armour
 b - a +0 hat (worn)
 h - a +2 kite shield
 t - a +0 buckler (worn)
Jewellery
 o - a ring of stealth (left tentacle)
 p - a +6 ring of dexterity (right tentacle)
Wands
 k - a wand of acid (5)
 u - a wand of disintegration (7)
Scrolls
 f - 3 scrolls of amnesia {unknown}
 g - 5 scrolls of teleportation {unknown}
 i - a scroll of remove curse {unknown}
 l - 2 scrolls of enchant armour {unknown}
 n - 8 scrolls of identify {unknown}
 s - 2 scrolls of magic mapping {unknown}
 w - 4 scrolls of fear {unknown}
 y - 3 scrolls of acquirement {unknown}
Potions
 c - 2 potions of haste {unknown}
 d - 3 potions of mutation {unknown}
 e - a potion of attraction {unknown}
 j - 2 potions of cancellation {unknown}
 m - a potion of heal wounds {unknown}
 q - 3 potions of might {unknown}
 r - a potion of lignification {unknown}
 v - 2 potions of curing {unknown}
 x - a potion of magic {unknown}


   Skills:
 - Level 2.0 Fighting
 - Level 2.0 Short Blades
 - Level 3.0 Dodging
 - Level 4.0 Stealth
 + Level 2.3 Shields
 - Level 3.0 Spellcasting
 + Level 4.5 Conjurations
 - Level 4.0 Summonings
 - Level 1.0 Translocations
 + Level 1.5 Air Magic
 + Level 1.5 Poison Magic
 - Level 3.0 Evocations


You had 5 spell levels left.
You knew the following spells:

 Your Spells              Type           Power        Failure   Level
a - Magic Dart            Conj           72%          3%          1
b - Call Imp              Summ           17%          6%          2
c - Blink                 Tloc           N/A          21%         2
d - Mephitic Cloud        Conj/Pois/Air  11%          22%         3

Your spell library contained the following spells:

 Spells                   Type           Power        Failure   Level
 Shock                    Conj/Air       52%          6%          1
 Swiftness                Air            8%           16%         2
 Static Discharge         Conj/Air       13%          17%         3
 Conjure Flame            Conj/Fire      10%          24%         3
 Slow                     Hex            2%           30%         2
 Airstrike                Air            4%           71%         4
 Lightning Bolt           Conj/Air       6%           85%         5


Dungeon Overview and Level Annotations

Branches:
Dungeon (6/15)             Temple (1/1) D:4           Sewer (visited)

Altars:
Ashenzari
Cheibriados
Dithmenos
Gozag
Hepliaklqana
Kikubaaqudgha
Makhleb
Nemelex Xobeh
Okawaru
Sif Muna
Uskayaw
Wu Jian
Xom
Yredelemnul
Zin
The Shining One

Shops:
D:5 *   D:6 *

Annotations:
D:4 Grinder


Innate Abilities, Weirdness & Mutations

You cannot wear most types of armour.
You are very stealthy in the water. (Stealth+)
You are amphibious.
You can wear up to eight rings at the same time.
You can use your tentacles to constrict eight enemies at once.
Your skin changes colour to match your surroundings (Stealth+).
Your rubbery body absorbs attacks. (AC +1, EV +1)


Message History

The adder bites you.
You hit the adder but do no damage.
The adder is poisoned.
You grab the adder.
The adder is severely wounded.
You constrict the adder. The adder bites you.
You are poisoned.
The adder poisons you!
You hit the adder.
You kill the adder!
Sif Muna accepts your kill.
You feel sick.
Training target 3.0 for Dodging reached!
Your Dodging skill increases to level 3!
The centaur wields a +0 vorpal shortbow.
The centaur shoots an arrow.
The arrow hits you.
There is a stone staircase leading up, spattered with blood here.
You see here an arrow.
You feel sick.
The centaur shoots an arrow.
The arrow hits you!
* * * LOW HITPOINT WARNING * * *
x2 The centaur shoots an arrow.
The arrow hits you!
You die...

... $... ... ......####....( ...
..# ##.# ##### #.#.#. ##.####)#
#.... #.._.. .....##o###....>
##.#.#. ...†..#.#...# ###c
....... ......#....# ##....
^...... .._.......########...#.#
#####..
......#...###......##..### #..
......#.........@......... #..
.....##.......##.....##..h .....#
##.####....####...†.....# ......
...........# #.........## ##.###
#.##.†.....###.........###.#.. #
#.##.........................####
#).........#...........!.........
.................................
....#......#.#.......$$$.#.####..


You could see a centaur.

Vanquished Creatures
  An ogre (D:4)
  A bullfrog (D:6)
  2 howler monkeys
  2 orc priests (D:5)
  3 hounds
  An orc wizard (D:5)
  2 bullfrog skeletons (D:5)
  An iguana (D:3)
  Ijyb (D:5)
  Natasha (twice) (D:2)
  4 worker ants
  A hound skeleton (D:4)
  Robin (D:3)
  A howler monkey skeleton (D:6)
  4 gnolls (D:4)
  7 adders
  An ooze (D:1)
  2 worms
  A dart slug (D:2)
  6 leopard geckos
  10 orcs
  7 ball pythons (Sewer)
  6 bats
  5 giant cockroaches
  13 goblins
  5 hobgoblins
  13 jackals
  3 quokkas
  3 frilled lizards
  11 kobolds
  A quokka skeleton (D:2)
  5 rats
126 creatures vanquished.

Vanquished Creatures (collateral kills)
  Terence (D:3)
  2 adders (D:2)
  A worm (D:2)
  2 leopard geckos
  2 orcs (D:5)
  3 giant cockroaches
  A goblin (D:1)
  3 hobgoblins
  4 jackals (D:2)
  A kobold (D:1)
  A quokka (D:5)
  2 frilled lizards (D:2)
23 creatures vanquished.

Vanquished Creatures (others)
  6 plants (Sewer)
6 creatures vanquished.

Grand Total: 155 creatures vanquished

Notes
Turn   | Place    | Note
-------+----------+-------------------------------------------
     0 | D:1      | OdinFK the Octopode Hedge Wizard began the quest for the
                  | Orb.
     0 | D:1      | Reached XP level 1. HP: 11/11 MP: 4/4
   335 | D:1      | Reached XP level 2. HP: 15/17 MP: 3/6
   338 | D:1      | Learned a level 2 spell: Call Imp
   341 | D:1      | Learned a level 2 spell: Blink
   738 | D:1      | Reached XP level 3. HP: 14/21 MP: 7/7
   753 | D:2      | Found a sparkling altar of Nemelex Xobeh.
   753 | D:2      | Found a basalt altar of Yredelemnul.
  1012 | D:2      | Noticed Natasha
  1171 | D:2      | Reached skill level 1 in Evocations
  1210 | D:2      | Killed Natasha
  1211 | D:2      | Reached XP level 4. HP: 19/27 MP: 2/8
  1768 | D:3      | Found a shimmering blue altar of Sif Muna.
  1774 | D:3      | Became a worshipper of Sif Muna the Loreminder
  1835 | D:3      | Noticed Robin
  1856 | D:3      | Killed Robin
  1857 | D:3      | Reached XP level 5. HP: 31/32 MP: 0/9
  1873 | D:3      | Reached skill level 1 in Fighting
  2032 | D:3      | Noticed Terence
  2116 | D:2      | Noticed Natasha
  2117 | D:2      | Reached skill level 1 in Short Blades
  2121 | D:2      | Killed Natasha
  2179 | D:3      | Killed Terence
  2241 | D:4      | Found an ornate altar of the Wu Jian Council.
  2253 | D:4      | Reached * piety under Sif Muna
  2254 | D:4      | Reached XP level 6. HP: 38/38 MP: 2/10
  2326 | D:4      | Noticed Grinder
  2485 | D:4      | Found a staircase to the Ecumenical Temple.
  2494 | Temple   | Entered the Ecumenical Temple
  2745 | D:4      | Found a snail-covered altar of Cheibriados.
  2931 | D:5      | Entered Level 5 of the Dungeon
  2955 | D:5      | Found Mirphepin's Assorted Antiques.
  2961 | D:5      | Bought a buckler for 130 gold pieces
  2982 | D:5      | Noticed Ijyb
  2992 | D:5      | Killed Ijyb
  3127 | D:5      | Reached skill level 1 in Shields
  3162 | D:5      | Found a glowing drain.
  3217 | Sewer    | Entered a sewer
  3408 | Sewer    | Reached XP level 7. HP: 43/43 MP: 11/11
  3461 | Sewer    | Reached ** piety under Sif Muna
  3688 | D:5      | Found a broken altar of Ashenzari.
  3688 | D:5      | Found a shimmering altar of Xom.
  3688 | D:5      | Found a glowing silver altar of Zin.
  3760 | D:5      | Learned a level 3 spell: Mephitic Cloud
  4124 | D:6      | Found Fommo's Assorted Antiques.
  4138 | D:6      | Found an opulent altar of Gozag.
  4180 | D:6      | Reached skill level 1 in Poison Magic
  4255 | D:6      | Found a hide-covered altar of Uskayaw.
  4269 | D:6      | Reached skill level 1 in Air Magic
  4306 | D:5      | Reached XP level 8. HP: 31/50 MP: 8/12
  4463 | D:6      | Found an iron altar of Okawaru.
  4708 | D:6      | Shot with an arrow by a centaur

Illustrated notes

Levels and vault maps discovered:
D:1:      lightli_arrival_chessboard, layout_loops_cross, minmay_box_of_dots
D:2:      layout_loops_ring, nemelex_xobeh_ov_fountains_minmay,
          general_overflow_altar, uniq_natasha
D:3:      layout_rooms, lemuel_round_altar, uniq_terence, uniq_robin
D:4:      layout_loops_cross, lemuel_crystal_altar, lemuel_temple_firewalk_a,
          chei_slow_surprise, uniq_grinder
D:5:      layout_basic, chequers_temple_overflow_statue_of_worship,
          portal_sewer_entry_f, serial_shops, shop, uniq_ijyb
D:6:      layout_rooms, nicolae_gozag_seed_capital, old_standard_altar,
          okawaru_metal_pillars_1_2, serial_shops, nicolae_shop_trees,
          hangedman_ru_absence
Temple:   eino_temple_lava

Skill      XL: |  1  2  3  4  5  6  7  8 |
---------------+-------------------------+-----
Conjurations   | 2 4 |  4.5
Summonings     | 2 3 4 |  4.0
Stealth        | 3 4 |  4.0
Evocations     | 1 2 3 |  3.0
Fighting       | 1 2 |  2.0
Short Blades   | 1 2 |  2.0
Shields        | 1 2 |  2.3
Poison Magic   | 1 |  1.5
Air Magic      | 1 |  1.5
Dodging        | 3 |  3.0
Spellcasting   | |  3.0
Translocations | |  1.0

Action                   |  1- 3 |  4- 6 |  7- 9 || total
-------------------------+-------+-------+-------++-------
Melee: Dagger            |    37 |    90 |    69 ||   196
       Tentacles         |     4 |    17 |    17 ||    38
       Constrict         |     4 |    23 |    18 ||    45
 Cast: Magic Dart        |    35 |    48 |    24 ||   107
       Call Imp          |     8 |    26 |     9 ||    43
       Mephitic Cloud    |       |       |     1 ||     1
 Stab: Sleeping          |    13 |    14 |     9 ||    36
       Distracted        |       |     1 |       ||     1
       Confused          |       |       |     1 ||     1
Armor: Skin              |     3 |     3 |     2 ||     8
Dodge: Dodged            |    31 |    33 |    26 ||    90
Block: Buckler           |       |     4 |    14 ||    18
